 Dungeon Crawl Stone Soup version 0.29.1-12-g30fa7ad0bf (webtiles) character file.

Game seed: 10497724194279908560

438 FexLirch the Cleaver (level 6, -2/76 HPs)
             Began as a Minotaur Berserker on Dec 24, 2022.
             Was a Believer of Trog.
             Slain by Menkaure (20 damage)
             ... on level 4 of the Dungeon.
             The game lasted 00:03:29 (3683 turns).

FexLirch the Cleaver (Minotaur Berserker)           Turns: 3683, Time: 00:03:30

Health: -2/76      AC: 10    Str: 30    XL:     6   Next: 69%
Magic:  1/1        EV: 11    Int:  4    God:    Trog [**....]
Gold:   198        SH:  0    Dex: 15    Spells: 5/5 levels left

rFire   . . .      SeeInvis .   v - +5 hand axe of the Crypt {antimagic, Contam rElec Dex+6}
rCold   . . .      Faith    .   (no shield)
rNeg    . . .      Spirit   .   u - +4 ring mail of Honesty {rElec rCorr}
rPois   .          Reflect  .   (helmet restricted)
rElec   +          Harm     .   x - +0 cloak
rCorr   +          Rampage  .   (no gloves)
Will    .....                   (no boots)
Stlth   ..........              (no amulet)
HPRegen 0.22/turn               m - +6 ring of strength
MPRegen 0.07/turn               (no ring)

@: berserking, very quick
A: horns 2, retaliatory headbutt
a: Renounce Religion, Berserk, Trog's Hand


You were on level 4 of the Dungeon.
You worshipped Trog.
Trog was pleased with you.
You visited 1 branch of the dungeon, and saw 4 of its levels.

You collected 198 gold pieces.

Inventory:

Hand Weapons
 a - a +0 hand axe
 v - the +5 hand axe of the Crypt (weapon) {antimagic, Contam rElec Dex+6}
   (You found it on level 3 of the Dungeon)

   It reduces the magical energy of the wielder, and disrupts the spells and
   magical abilities of those it strikes.
   Natural abilities and divine invocations are not affected.
   Dex:       It affects your dexterity (+6).
   rElec:     It insulates you from electricity.
   Contam:    It causes magical contamination when unequipped.
 y - the +7 trident of the Feather {vorpal, Dex+3 SInv}
   (You found it on level 3 of the Dungeon)

   It inflicts extra damage upon your enemies.
   Dex:       It affects your dexterity (+3).
   SInv:      It lets you see invisible.
Armour
 b - a +0 animal skin
 u - the +4 ring mail of Honesty (worn) {rElec rCorr}
   (You found it on level 3 of the Dungeon)

   rElec:     It insulates you from electricity.
   rCorr:     It protects you from acid and corrosion.
 x - a +0 cloak (worn)
Jewellery
 m - a +6 ring of strength (left hand)
 A - a +4 ring of evasion
Wands
 t - a wand of polymorph (6)
Scrolls
 c - 2 scrolls of enchant armour {unknown}
 d - 2 scrolls of noise {unknown}
 i - a scroll of identify {unknown}
 k - a scroll of poison {unknown}
 l - a scroll of fear {unknown}
 n - a scroll of vulnerability {unknown}
 o - a scroll of immolation {unknown}
 p - 3 scrolls of teleportation {unknown}
 s - a scroll of brand weapon {unknown}
 w - a scroll of amnesia {unknown}
 z - a scroll of blinking {unknown}
Potions
 e - a potion of lignification {unknown}
 f - a potion of magic {unknown}
 g - 3 potions of cancellation {unknown}
 h - a potion of might {unknown}
 j - 3 potions of ambrosia {unknown}
 q - a potion of curing {unknown}
 r - 3 potions of haste {unknown}


   Skills:
 - Level 3.6 Fighting
 + Level 9.2 Axes
 - Level 2.4 Armour
 - Level 2.1 Dodging


You had 5 spell levels left.
You didn't know any spells.
Your spell library was empty.

Dungeon Overview and Level Annotations

Branches:
Dungeon (4/15)
 Temple: D:4-7

Altars:

Annotations:
D:4 Menkaure


Innate Abilities, Weirdness & Mutations

You have a pair of horns on your head.
You reflexively headbutt those who attack you in melee.


Message History

You feel drained.
You hit Eustachio.
Eustachio's magic leaks into the air.
Eustachio is severely wounded.
Menkaure mumbles some strange words.
Menkaure seems to speed up.
You barely miss Eustachio. Your headbutt misses Eustachio.
Eustachio is severely wounded.
Eustachio hits you with a +0 falchion of draining.
You feel drained.
You slash Eustachio!
Eustachio's magic leaks into the air.
Your punch misses Eustachio.
Eustachio is almost dead.
Eustachio falters for a moment.
You hit Eustachio.
You kill Eustachio!
Trog accepts your kill.
Trog appreciates your killing of a magic user.
Your life force feels restored.
Your Axes skill increases to level 9!
Menkaure barely misses you. You furiously retaliate!
You headbutt Menkaure. You slash Menkaure!
Menkaure's magic leaks into the air.
Menkaure is heavily damaged.
Menkaure hits you!
You barely miss Menkaure.
Menkaure is heavily damaged.
Menkaure hits you but does no damage.
You hit Menkaure.
Menkaure's magic leaks into the air.
Your headbutt misses Menkaure.
Menkaure is severely damaged.
Menkaure hits you!
* * * LOW HITPOINT WARNING * * *
You barely miss Menkaure.
Menkaure is severely damaged.
Menkaure closely misses you.
Okay, then.
Unknown command.
Unknown command.
A red film seems to cover your vision as you go berserk!
You feel yourself moving faster!
You feel mighty! Menkaure hits you!!
You die...

..#...............#
###..###.#........#
#..........#....#
#..###.#..#>#..##
#.)# #.#..)#...#
#..# #.#.......#
##..###.........#
#.)..!#.......###
#@....#.#######
.......M....#.#
#...........#
#...........#
#.####...#### #
#...# #...# #...#


You could see Menkaure (fast, magic disrupted).

Vanquished Creatures
  Eustachio (D:4)
  A scorpion (D:4)
  A hound (D:4)
  An iguana (D:4)
  Ijyb (D:3)
  An orc wizard (D:4)
  3 gnolls (D:4)
  2 adders
  2 worms
  5 orcs (D:4)
  6 ball pythons
  4 bats
  3 endoplasms (D:1)
  5 giant cockroaches
  11 goblins
  7 hobgoblins
  8 jackals
  3 kobolds
  6 quokkas
  2 frilled lizards
  A rat (D:2)
74 creatures vanquished.

Vanquished Creatures (others)
  3 plants (D:4)
3 creatures vanquished.

Grand Total: 77 creatures vanquished

Notes
Turn   | Place    | Note
-------+----------+-------------------------------------------
     0 | D:1      | FexLirch the Minotaur Berserker began the quest for the
                  | Orb.
     0 | D:1      | Reached XP level 1. HP: 19/19 MP: 0/0
   157 | D:1      | Reached skill level 4 in Axes
   213 | D:1      | Reached XP level 2. HP: 26/26 MP: 1/1
   922 | D:1      | Reached skill level 5 in Axes
  1407 | D:2      | Reached XP level 3. HP: 27/31 MP: 2/2
  1519 | D:2      | HP: 1/31 [poisoned by an adder]
  2338 | D:2      | Reached ** piety under Trog
  2691 | D:3      | Noticed an eye of devastation
  2693 | D:3      | Found a faded altar of an unknown god.
  2697 | D:3      | Noticed a shining eye
  2760 | D:3      | Reached skill level 6 in Axes
  2760 | D:3      | Reached XP level 4. HP: 35/39 MP: 3/3
  2916 | D:3      | Noticed Ijyb
  2923 | D:3      | Killed Ijyb
  2937 | D:3      | Identified the +4 ring mail of Honesty {rElec rCorr}
  2939 | D:3      | Identified the +5 hand axe of the Crypt {antimagic, Contam
                  | rElec Dex+6}
  3131 | D:3      | Noticed a shining eye
  3135 | D:3      | Noticed a floating eye
  3145 | D:3      | Identified the +7 trident of the Feather {vorpal, Dex+3
                  | SInv}
  3471 | D:4      | Reached skill level 7 in Axes
  3471 | D:4      | Reached XP level 5. HP: 45/45 MP: 1/4
  3542 | D:4      | Reached skill level 8 in Axes
  3542 | D:4      | Reached XP level 6. HP: 50/51 MP: 1/5
  3660 | D:4      | Noticed Eustachio
  3670 | D:4      | Noticed Menkaure
  3677 | D:4      | Killed Eustachio
  3678 | D:4      | Reached skill level 9 in Axes
  3683 | D:4      | Slain by Menkaure

Illustrated notes

Levels and vault maps discovered:
D:1:      wheals_arrival_shading, layout_loops_ring,
          nicolae_figureground_sparkle
D:2:      layout_basic, corexii_item_surrounded_by_moat
D:3:      kennysheep_goblin_castle, layout_loops_ring,
          hellmonk_ecumenical_altar_watching_god, minmay_misc_feat_room,
          corexii_corridor_pit
D:4:      layout_loops_ring, minitemple, serial_bayou_pond_c, st_stairs_14,
          uniq_menkaure, uniq_eustachio

Skill      XL: |  1  2  3  4  5  6 |
---------------+-------------------+-----
Axes           | 4 5 6 7 8 9 |  9.2
Fighting       | |  3.6
Armour         | |  2.4
Dodging        | |  2.1

Action                   |  1- 3 |  4- 6 || total
-------------------------+-------+-------++-------
Melee: Hand axe          |    96 |    61 ||   157
       Headbutt          |     9 |     9 ||    18
       Punch             |     1 |       ||     1
Invok: Berserk           |       |     3 ||     3
       Trog's Hand       |       |     1 ||     1
Armor: Animal skin       |    24 |     4 ||    28
       Ring mail         |       |     9 ||     9
Dodge: Dodged            |    55 |    33 ||    88
